 Dungeon Crawl Stone Soup version 0.30-a0-702-gdf48620a09 (webtiles) character file.

Game seed: 7573841222857468116

10732 jfcaron the Covert (level 11, -1/86 HPs)
             Began as a Gnoll Brigand on Jan 22, 2023.
             Was a High Priest of Sif Muna.
             Slain by a merfolk
             ... wielding a +0 trident
              (14 damage)
             ... on level 9 of the Dungeon.
             The game lasted 00:27:10 (8904 turns).

jfcaron the Covert (Gnoll Brigand)                  Turns: 8904, Time: 00:27:11

Health: -1/86      AC: 13    Str: 15    XL:     11   Next: 66%
Magic:  13/21      EV: 20    Int: 14    God:    Sif Muna [*****.]
Gold:   687        SH:  6    Dex: 14    Spells: 13/23 levels left

rFire   . . .      SeeInvis .    v - +10 hammer of Hubris {flame, Str+4}
rCold   . . .      Faith    .    N - +0 buckler
rNeg    . . .      Spirit   .    M - +0 steam dragon scales
rPois   +          Reflect  .    (no helmet)
rElec   .          Harm     .    u - +2 cloak
rCorr   .          Rampage  .    D - +0 pair of gloves
Will    .....                    k - +1 pair of boots
Stlth   ++++                     G - amulet of regeneration
HPRegen 1.14/turn                r - +5 ring of evasion
MPRegen 0.17/turn                F - ring of poison resistance

@: very slightly contaminated
A: fangs 1, strong nose, distributed training
a: Renounce Religion, Channel Magic, Forget Spell, Divine Exegesis


You were on level 9 of the Dungeon.
You worshipped Sif Muna.
Sif Muna was extremely pleased with you.
You visited 1 branch of the dungeon, and saw 9 of its levels.
You also visited: Sewer.

You collected 720 gold pieces.
You spent 33 gold pieces at shops.

Inventory:

Hand Weapons
 b - a +1 whip of freezing
   (You took it off Pikel on level 7 of the Dungeon)
 c - the +2 hammer of Meum {heavy, rC+ rCorr MP+9 Int+5}
   (You found it on level 3 of the Dungeon)

   Int:       It affects your intelligence (+5).
   rC:        It protects you from cold.
   MP:        It affects your magic capacity (+9).
   rCorr:     It protects you from acid and corrosion.
 p - the +2 dagger of Ebooneum {heavy, rC- Will++ Int+5}
   (You found it on level 2 of the Dungeon)

   Int:       It affects your intelligence (+5).
   rC:        It makes you vulnerable to cold.
   Will:      It greatly increases your willpower.
 v - the +10 hammer of Hubris (weapon) {flame, Str+4}
   (You found it on level 3 of the Dungeon)

   Str:       It affects your strength (+4).
 w - a +1 hammer of venom
   (You found it on level 3 of the Dungeon)
 J - a +5 vampiric dagger
   (You took it off an orc wizard on level 6 of the Dungeon)
Missiles
 d - 30 poisoned darts
 e - 4 curare-tipped darts {!f}
 t - 4 throwing nets {!f}
 R - 4 atropa-tipped darts {!f}
 U - 3 stones
Armour
 k - a +1 pair of boots (worn)
 u - a +2 cloak (worn)
 z - a +0 kite shield
 D - a +0 pair of gloves (worn)
 L - a +0 robe of fire resistance
   (You took it off Pikel on level 7 of the Dungeon)
 M - +0 steam dragon scales (worn)
 N - a +0 buckler (worn)
Jewellery
 q - a ring of ice
   (You found it on level 2 of the Dungeon)
 r - a +5 ring of evasion (left hand)
   (You found it in a sewer)
 F - a ring of poison resistance (right hand)
 G - an amulet of regeneration (around neck)
   (You found it on level 6 of the Dungeon)
Wands
 C - a wand of quicksilver (29)
   (You took it off an orc on level 4 of the Dungeon)
 E - a wand of digging (9)
   (You found it on level 5 of the Dungeon)
 I - a wand of mindburst (11)
Scrolls
 a - 2 scrolls of fog {unknown}
 f - 3 scrolls of immolation
 g - 8 scrolls of teleportation
 h - a scroll of enchant weapon
 i - 2 scrolls of blinking
 j - 4 scrolls of noise
 n - 6 scrolls of vulnerability
 y - a scroll of magic mapping
 H - a scroll of silence {unknown}
 K - a scroll of amnesia
 Q - a scroll of acquirement {unknown}
 S - a scroll of fear
Potions
 l - 2 potions of heal wounds
 m - 5 potions of flight
 o - a potion of haste
 s - 2 potions of degeneration
 x - a potion of might
 A - 2 potions of ambrosia
 B - 3 potions of mutation
 O - 6 potions of curing
 P - 2 potions of brilliance
 T - a potion of magic {unknown}


   Skills:
 + Level 8.2 Fighting
 + Level 8.2 Short Blades
 + Level 6.7 Long Blades
 + Level 6.7 Axes
 + Level 6.7 Maces & Flails
 + Level 6.7 Polearms
 + Level 6.7 Staves
 + Level 6.7 Ranged Weapons
 + Level 8.2 Throwing
 + Level 6.7 Armour
 + Level 7.3 Dodging
 + Level 10.3 Stealth
 + Level 6.7 Shields
 + Level 6.7 Unarmed Combat
 + Level 6.7 Spellcasting
 + Level 5.6 Conjurations
 + Level 5.6 Hexes
 + Level 5.6 Summonings
 + Level 5.6 Necromancy
 + Level 5.6 Translocations
 + Level 5.6 Transmutations
 + Level 5.6 Fire Magic
 + Level 5.6 Ice Magic
 + Level 5.6 Air Magic
 + Level 5.6 Earth Magic
 + Level 5.6 Poison Magic
 + Level 7.4 Invocations
 + Level 6.7 Evocations


You had 13 spell levels left.
You knew the following spells:

 Your Spells              Type           Power      Damage    Failure   Level
a - Hailstorm             Conj/Ice       20%        3d6       5%          3
b - Dazzling Flash        Conj/Hex       40%        N/A       5%          3
c - Apportation           Tloc           40%        N/A       1%          1
d - Ignite Poison         Fire/Tmut/Pois 20%        N/A       5%          3

Your spell library contained the following spells:

 Spells                   Type           Power      Damage    Failure   Level
 Magic Dart               Conj           80%        1d7       1%          1
 Lesser Beckoning         Tloc           40%        N/A       2%          2
 Gell's Gravitas          Tloc           20%        N/A       5%          3
 Summon Guardian Golem    Hex/Summ       20%        N/A       5%          3
 Teleport Other           Tloc           20%        N/A       5%          3
 Ice Form                 Ice/Tmut       20%        N/A       19%         4
 Iskenderun's Mystic Bla  Conj/Tloc      20%        2d6       19%         4
 Sticky Flame             Conj/Fire      20%        2d4       19%         4
 Alistair's Intoxication  Tmut/Pois      13%        N/A       45%         5
 Blade Hands              Tmut           10%        N/A       45%         5
 Freezing Cloud           Conj/Ice/Air   10%        6-21      45%         5
 Irradiate                Conj/Tmut      10%        3d15      45%         5
 Iskenderun's Battlesphe  Conj           20%        2d7       45%         5
 Lightning Bolt           Conj/Air       10%        1d23      45%         5
 Summon Forest            Summ/Tloc      10%        N/A       45%         5
 Eringya's Noxious Bog    Tmut/Pois      10%        N/A       96%         6
 Iron Shot                Conj/Erth      10%        9d3       96%         6
 Simulacrum               Ice/Necr       10%        N/A       96%         6
 Starburst                Conj/Fire      10%        6d5       96%         6
 Dragon Form              Tmut           10%        N/A       100%        7
 Spellforged Servitor     Conj/Summ      10%        N/A       100%        7
 Summon Hydra             Summ           10%        N/A       100%        7
 Ignition                 Fire           10%        3d5       100%        8


Dungeon Overview and Level Annotations

Branches:
Dungeon (9/15)             Temple (0/1) D:6           Sewer (visited)
   Lair: D:8-11         Orc: D:9-12

Altars:
Ashenzari
Fedhas
Okawaru
Sif Muna
Xom
Yredelemnul

Shops:
D:6 (

Annotations:
D:8 2 transporters, purpskrrrp's ghost, novice SpHu


Innate Abilities, Weirdness & Mutations

You have very sharp teeth.
Your uncanny sense of smell can sniff out nearby items.
Your experience applies equally to all skills.


Message History

You miscast Hailstorm.
You are very lightly contaminated with residual magic.
Nothing appears to happen.
The merfolk hits you with a +0 trident!
* * * LOW HITPOINT WARNING * * *
The manticore flicks its tail.
The volley of spikes misses you.
You feel much better. The merfolk hits you with a +0 trident.
Okay, then.
Unknown command.
Unknown command.
Unknown command.
Casting: Ignition
Press: ? - help, Dir - look around, f - activate You fail to use your ability.
You block the merfolk's attack. The manticore bites you!
* * * LOW HITPOINT WARNING * * *
The manticore claws you but does no damage.
The manticore misses you.
You fail to use your ability.
The merfolk hits you with a +0 trident!
* * * LOW HITPOINT WARNING * * *
You block the manticore's attack. The manticore barely misses you.
The manticore completely misses you.
You feel much better. The merfolk hits you with a +0 trident.
The manticore closely misses you.
The manticore claws you but does no damage.
The manticore claws you.
* * * LOW HITPOINT WARNING * * *
You sock the manticore! You burn the manticore.
The manticore is heavily wounded.
You block the merfolk's attack. The manticore bites you!
* * * LOW HITPOINT WARNING * * *
The manticore claws you but does no damage.
The manticore closely misses you.
The merfolk hits you but does no damage.
You barely miss the manticore.
The manticore is heavily wounded.
The manticore closely misses you. x2
The manticore claws you but does no damage.
The merfolk hits you with a +0 trident!
You die...

≈~♣♣~♣~........♣.~.......
≈S...≈≈≈♣.......~~~.♣~.♣##
≈~...~≈≈~..≈~..♣~~~≈≈≈~# #
≈≈~♣.♣~.≈.~≈~~~..~~~≈≈≈###
≈≈~.......~~~~~.....#####.
#~.$~~~~......~~♣..# #..
#..≈≈~~~.♣~~.~≈≈.## ##.#
#.~~.mH...≈≈~~.## ##.##
#...♣.@~..~~..## #...#
?.~'...~~~~~.~...# #.##.
..~#.~~≈~≈♣.≈≈≈### ##†###
~~ #.~≈≈~....≈≈# ####†.# ≈
###############.....#
#.....## #)...## ######


You could see a merfolk and a manticore.

Vanquished Creatures
  A centaur warrior (D:8)
  3 two-headed ogres
  A boulder beetle (D:8)
  Pikel (D:7)
  A hornet (D:6)
  Prince Ribbit (D:7)
  Sigmund (D:3)
  A wraith (D:9)
  6 yaks
  5 wyverns
  A hog (D:9)
  2 steam dragons
  2 water moccasins
  2 sky beasts (D:7)
  An orc warrior (D:8)
  7 black bears
  6 centaurs
  A lemure (D:7)
  A gnoll sergeant (D:7)
  3 kobold brigands
  9 bullfrogs
  4 necrophages
  3 scorpions
  4 wights (D:8)
  9 killer bees
  4 howler monkeys
  3 electric eels (D:9)
  Crazy Yiuf (D:3)
  A jelly (D:5)
  2 orc priests
  4 hounds
  A gnoll bouda (D:7)
  An iguana (D:5)
  Ijyb (D:3)
  6 orc wizards
  A sickly merfolk siren (Sewer)
  A malarious merfolk avatar (Sewer)
  14 gnolls
  5 river rats
  8 adders
  A shadow imp (D:5)
  2 ufetubi
  6 worms (D:3)
  4 dart slugs
  24 orcs
  14 ball pythons
  13 bats
  7 endoplasms
  6 giant cockroaches
  4 goblins
  8 hobgoblins
  6 quokkas
  3 training dummies (D:6)
  12 frilled lizards
  23 kobolds
  35 rats
  12 fungi (D:7)
  19 plants (D:9)
328 creatures vanquished.

Notes
Turn   | Place    | Note
-------+----------+-------------------------------------------
     0 | D:1      | jfcaron the Gnoll Brigand began the quest for the Orb.
     0 | D:1      | Reached XP level 1. HP: 20/20 MP: 1/1
    25 | D:1      | Found a faded altar of an unknown god.
    34 | D:1      | Prayed at the altar of an unknown god.
    34 | D:1      | Became a worshipper of Sif Muna the Loreminder
    34 | D:1      | Reached * piety under Sif Muna
   131 | D:1      | Reached XP level 2. HP: 26/26 MP: 2/2
   619 | D:1      | Reached XP level 3. HP: 31/31 MP: 3/3
   624 | D:1      | Reached ** piety under Sif Muna
   952 | D:2      | Reached skill level 1 in Invocations
   970 | D:2      | Found a basalt altar of Yredelemnul.
  1078 | D:2      | Reached skill level 1 in Long Blades
  1078 | D:2      | Reached skill level 1 in Axes
  1078 | D:2      | Reached skill level 1 in Maces & Flails
  1078 | D:2      | Reached skill level 1 in Polearms
  1078 | D:2      | Reached skill level 1 in Staves
  1078 | D:2      | Reached skill level 1 in Ranged Weapons
  1078 | D:2      | Reached skill level 1 in Armour
  1078 | D:2      | Reached skill level 1 in Shields
  1078 | D:2      | Reached skill level 1 in Unarmed Combat
  1078 | D:2      | Reached skill level 1 in Spellcasting
  1078 | D:2      | Reached skill level 1 in Evocations
  1217 | D:2      | Reached XP level 4. HP: 38/38 MP: 5/5
  1378 | D:2      | Reached skill level 1 in Conjurations
  1378 | D:2      | Reached skill level 1 in Hexes
  1378 | D:2      | Reached skill level 1 in Summonings
  1378 | D:2      | Reached skill level 1 in Necromancy
  1378 | D:2      | Reached skill level 1 in Translocations
  1378 | D:2      | Reached skill level 1 in Transmutations
  1378 | D:2      | Reached skill level 1 in Fire Magic
  1378 | D:2      | Reached skill level 1 in Ice Magic
  1378 | D:2      | Reached skill level 1 in Air Magic
  1378 | D:2      | Reached skill level 1 in Earth Magic
  1378 | D:2      | Reached skill level 1 in Poison Magic
  1484 | D:2      | Identified the +2 dagger of Ebooneum {heavy, rC- Will++
                  | Int+5}
  1569 | D:2      | Reached *** piety under Sif Muna
  1913 | D:3      | Found a glowing drain.
  1937 | D:3      | Reached XP level 5. HP: 24/43 MP: 7/7
  1948 | D:3      | HP: 7/43 [river rat (6)]
  1979 | Sewer    | Entered a sewer
  2176 | Sewer    | Reached skill level 8 in Stealth
  2312 | Sewer    | Reached **** piety under Sif Muna
  2390 | Sewer    | Reached XP level 6. HP: 47/50 MP: 8/8
  2401 | Sewer    | Reached skill level 5 in Fighting
  2401 | Sewer    | Reached skill level 5 in Short Blades
  2401 | Sewer    | Reached skill level 5 in Throwing
  2828 | D:3      | Noticed Sigmund
  2848 | D:3      | Killed Sigmund
  2890 | D:3      | Found a runed translucent door.
  2891 | D:3      | Noticed Crazy Yiuf
  2905 | D:3      | Killed Crazy Yiuf
  2906 | D:3      | Reached XP level 7. HP: 51/56 MP: 10/10
  2920 | D:3      | Identified the +2 hammer of Meum {heavy, rC+ rCorr MP+9
                  | Int+5}
  2922 | D:3      | Identified the +10 hammer of Hubris {flame, Str+4}
  2987 | D:3      | Noticed Ijyb
  2994 | D:3      | Paralysed by Ijyb for 2 turns
  3000 | D:3      | Paralysed by Ijyb for 2 turns
  3003 | D:3      | Killed Ijyb
  3789 | D:4      | Noticed a steam dragon
  3802 | D:4      | HP: 9/56 [steam dragon] (12)]
  3804 | D:4      | Killed a steam dragon
  4345 | D:4      | Reached ***** piety under Sif Muna
  4475 | D:4      | Reached XP level 8. HP: 63/63 MP: 12/12
  4724 | D:5      | Entered Level 5 of the Dungeon
  4757 | D:5      | Found a shimmering altar of Xom.
  5267 | D:6      | Noticed a hornet
  5282 | D:6      | Killed a hornet
  5458 | D:6      | Received a gift from Sif Muna
  5459 | D:6      | Got Sif Muna's Omnibus of the Unified Missiles {god gift}
  5577 | D:6      | Found a staircase to the Ecumenical Temple.
  5633 | D:6      | Found Izxaecwi's Firing Range.
  6015 | D:6      | Bought a throwing net for 33 gold pieces
  6032 | D:7      | Noticed Prince Ribbit
  6042 | D:7      | Killed Prince Ribbit
  6043 | D:7      | Reached XP level 9. HP: 56/69 MP: 13/15
  6128 | D:7      | Noticed Pikel
  6144 | D:7      | Reached skill level 5 in Dodging
  6144 | D:7      | Killed Pikel
  6145 | D:7      | Reached skill level 9 in Stealth
  6153 | D:7      | Reached skill level 5 in Invocations
  6436 | D:7      | Learned a level 3 spell: Hailstorm
  6440 | D:7      | Learned a level 3 spell: Dazzling Flash
  6642 | D:7      | Reached skill level 5 in Long Blades
  6642 | D:7      | Reached skill level 5 in Axes
  6642 | D:7      | Reached skill level 5 in Maces & Flails
  6642 | D:7      | Reached skill level 5 in Polearms
  6642 | D:7      | Reached skill level 5 in Staves
  6642 | D:7      | Reached skill level 5 in Ranged Weapons
  6642 | D:7      | Reached skill level 5 in Armour
  6642 | D:7      | Reached skill level 5 in Shields
  6642 | D:7      | Reached skill level 5 in Unarmed Combat
  6642 | D:7      | Reached skill level 5 in Spellcasting
  6642 | D:7      | Reached skill level 5 in Evocations
  6642 | D:7      | Reached XP level 10. HP: 77/77 MP: 17/17
  6910 | D:7      | Found an iron altar of Okawaru.
  7178 | D:8      | Found a transporter.
  7204 | D:8      | Identified the +1 great mace of the Magic Mushroom {flame,
                  | rF++ rN+ Will-}
  7204 | D:8      | Noticed a two-headed ogre
  7250 | D:8      | Learned a level 1 spell: Apportation
  7388 | D:8      | Found a broken altar of Ashenzari.
  7388 | D:8      | Found a shimmering blue altar of Sif Muna.
  7514 | D:8      | Noticed purpskrrrp's ghost (novice SpHu)
  7592 | D:8      | Noticed a boulder beetle
  7611 | D:8      | Killed a boulder beetle
  7632 | D:8      | Noticed a centaur warrior
  7633 | D:8      | Noticed a two-headed ogre
  7740 | D:8      | Noticed a two-headed ogre
  7744 | D:8      | Killed a two-headed ogre
  7864 | D:8      | Killed a centaur warrior
  7868 | D:8      | Killed a two-headed ogre
  7869 | D:8      | Reached skill level 10 in Stealth
  7869 | D:8      | Reached skill level 5 in Conjurations
  7869 | D:8      | Reached skill level 5 in Hexes
  7869 | D:8      | Reached skill level 5 in Summonings
  7869 | D:8      | Reached skill level 5 in Necromancy
  7869 | D:8      | Reached skill level 5 in Translocations
  7869 | D:8      | Reached skill level 5 in Transmutations
  7869 | D:8      | Reached skill level 5 in Fire Magic
  7869 | D:8      | Reached skill level 5 in Ice Magic
  7869 | D:8      | Reached skill level 5 in Air Magic
  7869 | D:8      | Reached skill level 5 in Earth Magic
  7869 | D:8      | Reached skill level 5 in Poison Magic
  7869 | D:8      | Reached XP level 11. HP: 81/85 MP: 18/20
  7930 | D:8      | Found a transporter.
  8539 | D:9      | Noticed a two-headed ogre
  8622 | D:9      | Found a blossoming altar of Fedhas.
  8692 | D:9      | Received a gift from Sif Muna
  8698 | D:9      | Learned a level 3 spell: Ignite Poison
  8836 | D:9      | Noticed a two-headed ogre
  8841 | D:9      | Killed a two-headed ogre
  8891 | D:9      | Noticed a manticore
  8898 | D:9      | HP: 7/86 [merfolk/+0 trident (16)]
  8903 | D:9      | HP: 12/86 [manticore (14)]
  8904 | D:9      | Slain by a merfolk

Illustrated notes

Levels and vault maps discovered:
D:1:      co_arrival_square_in_a_square_in_a_square, layout_loops_corners,
          hellmonk_ecumenical_altar_blasted, minmay_cut_off
D:2:      layout_loops_corners, basic_altar, minmay_pentomino_u4
D:3:      kennysheep_big_flooded_room, layout_loops_ring, portal_sewer_entry_c,
          minmay_misc_feat_hallway, minmay_starry_boxes,
          uniq_crazy_yiuf_cottage, uniq_sigmund, uniq_ijyb
D:4:      layout_gridville
D:5:      layout_rooms, mainiacjoe_overflow_paths,
          amcnicky_mini_corridor_feature
D:6:      layout_basic, temple_hall, nicolae_shop_firing_range
D:7:      old_forge, layout_rooms, mainiacjoe_overflow_alcove_4, uniq_pikel,
          uniq_prince_ribbit1
D:8:      minmay_distorted_concentric_squares, layout_cave_pools,
          jmf_multi_god_temple, serial_glass, glass_columns_c, glass_columns_b,
          gammafunk_ghost_smash
D:9:      kennysheep_town

Skill      XL: |  1  2  3  4  5  6  7  8  9 10 11 |
---------------+----------------------------------+-----
Invocations    | 1 2 3 4 5 6 7 |  7.4
Long Blades    | 1 2 3 4 5 6 |  6.7
Axes           | 1 2 3 4 5 6 |  6.7
Maces & Flails | 1 2 3 4 5 6 |  6.7
Polearms       | 1 2 3 4 5 6 |  6.7
Staves         | 1 2 3 4 5 6 |  6.7
Ranged Weapons | 1 2 3 4 5 6 |  6.7
Armour         | 1 2 3 4 5 6 |  6.7
Shields        | 1 2 3 4 5 6 |  6.7
Unarmed Combat | 1 2 3 4 5 6 |  6.7
Spellcasting   | 1 2 3 4 5 6 |  6.7
Evocations     | 1 2 3 4 5 6 |  6.7
Conjurations   | 1 2 3 4 5 |  5.6
Hexes          | 1 2 3 4 5 |  5.6
Summonings     | 1 2 3 4 5 |  5.6
Necromancy     | 1 2 3 4 5 |  5.6
Translocations | 1 2 3 4 5 |  5.6
Transmutations | 1 2 3 4 5 |  5.6
Fire Magic     | 1 2 3 4 5 |  5.6
Ice Magic      | 1 2 3 4 5 |  5.6
Air Magic      | 1 2 3 4 5 |  5.6
Earth Magic    | 1 2 3 4 5 |  5.6
Poison Magic   | 1 2 3 4 5 |  5.6
Dodging        | 3 4 5 6 7 |  7.3
Stealth        | 8 9 10 | 10.3
Fighting       | 5 6 7 8 |  8.2
Short Blades   | 5 6 7 8 |  8.2
Throwing       | 5 6 7 8 |  8.2

Action                   |  1- 3 |  4- 6 |  7- 9 | 10-12 || total
-------------------------+-------+-------+-------+-------++-------
Melee: Dagger            |    92 |   208 |       |       ||   300
       Bite              |     8 |    18 |    17 |    22 ||    65
       Punch             |     1 |     7 |       |       ||     8
       Mace              |       |       |   187 |   220 ||   407
Throw: Dart              |     1 |    28 |    24 |    23 ||    76
       Stone             |       |       |    66 |    69 ||   135
       Boomerang         |       |       |       |    41 ||    41
 Cast: Hailstorm         |       |       |     5 |     2 ||     7
Evoke: Wand              |       |       |       |    18 ||    18
  Use: Scroll            |     4 |     3 |     8 |     3 ||    18
       Potion            |       |     1 |       |     2 ||     3
 Stab: Sleeping          |    15 |    19 |    15 |    10 ||    59
Armor: Robe              |    19 |    44 |    23 |       ||    86
       Leather armour    |       |       |    12 |       ||    12
       Steam dragon scal |       |       |     4 |    62 ||    66
Dodge: Dodged            |    25 |   103 |   109 |   200 ||   437
Block: Kite shield       |       |       |    81 |       ||    81
       Buckler           |       |       |     2 |    58 ||    60

Table legend: (Time is in decaauts)
 A = Elapsed time spent in this place.
 B = Non-inter-level travel time spent in this place.
 C = Inter-level travel time spent in this place.
 D = Time resting spent in this place.
 E = Time spent auto-exploring this place.
 F = Levels seen in this place.
 G = Mean time per level.
                   A        B        C        D        E       F      G
               +--------+--------+--------+--------+--------+-----+--------+
         Total |   8977 |   8379 |    598 |    626 |   5386 |  10 |  897.7 |
       Dungeon |   8270 |   7672 |    598 |    409 |   5179 |   9 |  918.9 |
         Sewer |    707 |    707 |      0 |    217 |    206 |   1 |  707.0 |
               +--------+--------+--------+--------+--------+-----+--------+

Top non-repeatable levels by time:
     D:3: 1417 daAuts
     D:7: 1141 daAuts
     D:2: 955 daAuts
     D:1: 906 daAuts
     D:9: 893 daAuts
     D:8: 868 daAuts
     D:6: 833 daAuts
     D:4: 769 daAuts
   Sewer: 707 daAuts
     D:5: 483 daAuts

Table legend:
 A = Kills in this place as a percentage of kills in entire the game.
 B = Kills by you in this place as a percentage of kills by you in the entire game.
 C = Kills by friends in this place as a percentage of kills by friends in the entire game.
 D = Other kills in this place as a percentage of other kills in the entire game.
 E = Experience gained in this place as a percentage of experience gained in the entire game.
 F = Experience gained in this place divided by the number of levels of this place that you have seen.
                   A       B       C       D       E      F
               +-------+-------+-------+-------+-------+----------------------
         Total | 100.0 | 100.0 |   N/A |   N/A | 100.0 | 1533.2
       Dungeon |  85.5 |  85.5 |   N/A |   N/A |  98.8 | 1683.9
         Sewer |  14.5 |  14.5 |   N/A |   N/A |   1.2 | 177.0
               +-------+-------+-------+-------+-------+----------------------
